 Dungeon Crawl Stone Soup version 0.30.1-11-g7821555f0a (webtiles) character file.

Game seed: 6541725385430763361

217328 Skitler the Peltast (level 19, -2/120 HPs)
             Began as a Gargoyle Fighter on Jan 3, 2024.
             Was the Champion of Qazlal.
             Blown up by an orb spider (26 damage)
             ... with an orb of destruction
             ... on level 4 of the Spider Nest.
             The game lasted 01:08:48 (25650 turns).

Skitler the Peltast (Gargoyle Fighter)             Turns: 25650, Time: 01:08:48

Health: -2/120     AC: 53    Str: 26    XL:     19   Next: 47%
Magic:  30/30      EV:  9    Int: 11    God:    Qazlal [******]
Gold:   1825       SH: 24    Dex: 11    Spells: 18/18 levels left

rFire   + + +        P - +6 shillelagh "Devastator" {shatter}
rCold   + + .        h - +2 buckler {rC+}
rNeg    + . .        A - +6 plate armour "Gogil" {rF++ Dex+2 Slay-2 SInv}
rPois   ∞            X - +1 helmet of the Sparrow {Will+}
rElec   +            C - scarf {rC+ rF+}
rCorr   .            e - +2 pair of gloves
SInv    +            z - +2 pair of boots
Will    ++...        d - amulet of Xisuntoss {Reflect rElec SH+5} Stlth
                     Y - +4 ring of protection
HPRegen 0.40/turn    O - +4 ring of protection
MPRegen 0.22/turn

%: repel missiles, reflection
@: protected from electricity, flying
A: sickness immunity, AC +14, big wings, negative energy resistance 1,
electricity resistance, torment resistance 1, petrification resistance
a: Renounce Religion, Upheaval, Elemental Force, Disaster Area


You were on level 4 of the Spider Nest.
You worshipped Qazlal.
Qazlal was exalted by your worship.
You visited 5 branches of the dungeon, and saw 27 of its levels.
You also visited: Ice Cave.

You collected 2850 gold pieces.
You spent 1025 gold pieces at shops.

Inventory:

Hand Weapons
 y - a +6 falchion of flaming
 P - the +6 shillelagh "Devastator" (weapon) {shatter}
   (You found it on level 8 of the Dungeon)
Missiles
 m - 4 throwing nets (quivered)
Armour
 a - a +0 tower shield
 e - a +2 pair of gloves (worn)
 h - a +2 buckler of cold resistance (worn)
 z - a +2 pair of boots (worn)
 A - the +6 plate armour "Gogil" (worn) {rF++ Dex+2 Slay-2 SInv}
   (You bought it in a shop on level 1 of the Orcish Mines)

   Dex:       It affects your dexterity (+2).
   Slay:      It affects your accuracy & damage with ranged weapons and melee
   (-2).
   rF:        It greatly protects you from fire.
   SInv:      It lets you see invisible.
 C - a scarf of resistance (worn)
 X - the +1 helmet of the Sparrow (worn) {Will+}
   (You bought it in a shop on level 1 of the Orcish Mines)

   Will:      It increases your willpower.
Magical Staves
 E - a staff of air
Jewellery
 d - the amulet of Xisuntoss (around neck) {Reflect rElec SH+5}
   (You acquired it on level 7 of the Dungeon)

   [amulet of reflection]

   It reflects blocked missile attacks.
   rElec:     It insulates you from electricity.
   SH:        It affects your SH (+5).
 l - an amulet of the acrobat
 n - a +6 ring of dexterity
 o - a +6 ring of intelligence
 O - a +4 ring of protection (right hand)
 Y - a +4 ring of protection (left hand)
Wands
 D - a wand of polymorph (10)
 G - a wand of flame (44)
 M - a wand of paralysis (37)
 R - a wand of digging (3)
 T - a wand of iceblast (29)
 V - a wand of quicksilver (3)
Scrolls
 b - 3 scrolls of identify
 i - 2 scrolls of amnesia
 j - 4 scrolls of fog
 p - a scroll of blinking
 I - 8 scrolls of fear
 N - 3 scrolls of poison
 W - 10 scrolls of teleportation
Potions
 f - a potion of heal wounds
 g - 11 potions of curing
 k - 2 potions of invisibility
 q - 6 potions of lignification
 r - 5 potions of brilliance
 t - 2 potions of ambrosia
 u - 2 potions of resistance
 v - 5 potions of mutation
 x - 2 potions of magic
 B - 4 potions of haste
 J - 5 potions of berserk rage
 L - a potion of cancellation
Miscellaneous
 c - a piece from Xom's chessboard (15/15)
 U - a phial of floods (inert)


   Skills:
 * Level 13.9 Fighting
 + Level 14.6 Maces & Flails
 + Level 12.7 Armour
 + Level 4.4 Dodging
 + Level 20.7 Shields
 * Level 15.3 Invocations
 - Level 1.0 Evocations


You had 18 spell levels left.
You didn't know any spells.
Your spell library contained the following spells:

 Spells                   Type           Power      Damage    Failure   Level
 Apportation              Tloc           0%         N/A       96%         1
 Magic Dart               Conj           0%         1d3       96%         1
 Necrotise                Necr           0%         1d4       96%         1
 Shock                    Conj/Air       0%         1d3       96%         1
 Summon Small Mammal      Summ           0%         N/A       96%         1
 Call Imp                 Summ           0%         N/A       99%         2
 Call Canine Familiar     Summ           0%         N/A       100%        3
 Frozen Ramparts          Ice            0%         1d1       100%        3
 Gell's Gravitas          Tloc           0%         N/A       100%        3
 Mephitic Cloud           Conj/Pois/Air  0%         N/A       100%        3
 Ozocubu's Armour         Ice            0%         N/A       100%        3
 Summon Guardian Golem    Hex/Summ       0%         N/A       100%        3
 Swiftness                Air            0%         N/A       100%        3
 Teleport Other           Tloc           0%         N/A       100%        3
 Airstrike                Air            0%         2d(0-16)  100%        4
 Anguish                  Hex/Necr       0%         N/A       100%        4
 Cause Fear               Hex            0%         N/A       100%        4
 Dispel Undead            Necr           0%         3d6       100%        4
 Ice Form                 Ice/Tmut       0%         N/A       100%        4
 Passage of Golubria      Tloc           0%         N/A       100%        4
 Summon Ice Beast         Ice/Summ       0%         N/A       100%        4
 Silence                  Hex/Air        0%         N/A       100%        5
 Summon Mana Viper        Hex/Summ       0%         N/A       100%        5
 Death Channel            Necr           0%         N/A       100%        6
 Dispersal                Tloc           0%         N/A       100%        6
 Enfeeble                 Hex            0%         N/A       100%        7
 Monstrous Menagerie      Summ           0%         N/A       100%        7
 Ozocubu's Refrigeration  Ice            0%         4d7       100%        7
 Lehudib's Crystal Spear  Conj/Erth      0%         10d2      100%        8
 Cigotuvi's Dreadful Rot  Necr/Pois/Air  Unusable   N/A       N/A         2

Dungeon Overview and Level Annotations

Branches:
Dungeon (15/15)            Temple (1/1) D:4            Lair (5/5) D:11
  Swamp (0/4) Lair:2       Spider (4/4) Lair:3        Slime (0/5) Lair:5
    Orc (2/2) D:12            Elf (0/3) Orc:2        Vaults (0/5) D:14
 Depths (0/4) D:15          IceCv (visited)

Altars:
Ashenzari
Cheibriados
Dithmenos
Elyvilon
Fedhas
Gozag
Hepliaklqana
Kikubaaqudgha
Makhleb
Nemelex Xobeh
Okawaru
Qazlal
Ru
Sif Muna
Trog
Uskayaw
Vehumet
Wu Jian
Xom
Yredelemnul
Zin
The Shining One
Jiyva

Shops:
D:2 =   D:7 *!   D:14 *   Orc:1 [   Orc:2 !(:=*

Annotations:
D:5 3 runed translucent doors, Boredatwork228's ghost, novice TrBe
Orc:2 2 transporters


Innate Abilities, Weirdness & Mutations

You are immune to sickness and miasma.
Your stone body is resilient. (AC +14)
You are immune to poison.
Your large and strong wings let you fly.
You resist negative energy. (rN+)
You are resistant to electric shocks. (rElec)
You are resistant to unholy torment.
You are immune to petrification.


Message History

Nikola is almost dead.
Nikola asks, "Are you insulated?"
Nikola mumbles some strange words.
Nikola blinks!
Unknown command.
You block the jumping spider's attack.
The jumping spider bites you but does no damage.
Nikola casts a spell.
Lightning arcs from Nikola's hands!
The bolt of lightning hits you! You resist.
* * * LOW HITPOINT WARNING * * *
A bolt of lightning appears from out of thin air!
The bolt of lightning hits the jumping spider!!
The jumping spider dies!
You hear an angry buzzing noise.
You hear a skittering sound.
Aiming: Upheaval
Press: ? - help, Dir - move target, f - Nikola
Aim: Nikola, wielding a +2 rapier of electrocution, wearing a +0 cloak of poison resistance and wearing a +2 pair of gloves (almost dead)
A blizzard blasts the area with ice!
The blast of ice hits Nikola!!
You kill Nikola!
Qazlal accepts your kill.
You hear a splash. x3
Things that are here:
a torpor snail corpse; a redback corpse You see here a culicivora corpse.
You start resting.
You hear a faint skittering sound.
An orb spider comes into view.
An orb spider is nearby!
An orb spider is nearby!
The orb spider pulsates with a strange energy.
The orb spider weaves a glowing orb of energy.
An orb of destruction comes into view.
The orb of destruction moves out of view.
The orb spider begins to weave its threads into a brightly glowing ball.
The orb spider weaves a glowing orb of energy.
An orb of destruction comes into view.
The orb spider begins to weave its threads into a brightly glowing ball.
The orb of destruction hits you!!
You die...

#...^ #~... #~.^##
#~[.## ## #..~#
#..#†s†#
#.~~~†°###
#######.~~~~☼†~##
##~~^.###..##†○°@#
~~..†.~~### #)§§.#
.†.~#...### #~§~##
....##~...###~..~#
.^.####~..~#~..~##
.~## #~..~...~##
.## ##~...~.## '#
##...### '####
#####


You could see an orb spider (charged).

Vanquished Creatures
  Nikola (Spider:4)
  Arachne (Spider:3)
  A storm dragon (D:14)
  Kirke (D:15)
  A ghost moth (Spider:2)
  Louise (Spider:4)
  2 emperor scorpions (Spider:4)
  A broodmother (Spider:3)
  2 spark wasps
  The ghost of PrincessEmiBear the Slicer, a journeyman DsMo of Makhleb (Lair:2)
  3 ettins
  An entropy weaver (shapeshifter) (D:14)
  3 entropy weavers
  5 vault guards (D:14)
  8 hydras
  A merfolk avatar (Lair:5)
  11 boulder beetles
  A death knight (D:15)
  A catoblepas (D:10)
  3 centaur warriors
  2 jorogumos (Spider:3)
  3 radroaches
  6 two-headed ogres
  A deep troll earth mage (D:14)
  4 tengu warriors
  18 death yaks
  An orc high priest (Orc:2)
  2 skysharks (Lair:5)
  A deep elf knight (D:14)
  Nergalle (Lair:2)
  Amaemon (Lair:2)
  7 pharaoh ants
  A skeletal warrior (D:14)
  2 sun moths (Spider:4)
  A spectral death yak (Lair:2)
  A spectral hydra (Lair:2)
  2 flayed ghosts (D:14)
  2 deep trolls (D:15)
  12 orb spiders
  Pikel (D:4)
  A deep elf archer (D:14)
  2 orc knights
  A lindwurm (Lair:3)
  2 harpies
  2 steelbarb worms (Spider:4)
  3 wizards
  2 necromancers (D:15)
  3 ugly things
  21 wolf spiders
  3 deep elf pyromancers
  An oklob plant (Lair:5)
  10 cyclopes
  An orc sorcerer (D:15)
  A spectral boulder beetle (Lair:2)
  A moth of wrath (Spider:2)
  5 manticores
  21 elephants
  2 ice statues (IceCv)
  A moth of wrath (shapeshifter) (D:14)
  4 black mambas
  6 gargoyles
  6 demonic crawlers
  8 torpor snails
  10 cane toads
  2 kobold demonologists
  Maggie (Lair:2)
  An orange demon (Lair:2)
  Psyche (D:12)
  An unseen horror (D:13)
  4 rime drakes
  A tengu conjurer (D:14)
  10 komodo dragons
  5 trolls
  3 meliai (Spider:1)
  3 polar bears
  2 hornets
  23 tarantellas
  4 dream sheep (Lair:5)
  16 blink frogs
  13 jumping spiders
  20 culicivoras
  6 slime creatures
  Sigmund (D:2)
  2 shadows
  A centaur simulacrum (D:15)
  A water elemental (D:15)
  A dire elephant simulacrum (IceCv)
  5 wyverns
  5 hogs
  6 wraiths
  A human (shapeshifter) (D:14)
  22 yaks
  5 steam dragons
  2 fire elementals (D:13)
  3 basilisks
  A death yak simulacrum (Lair:2)
  A human (D:14)
  12 vampire mosquitoes
  40 redbacks
  2 wargs
  2 spectral cane toads (Lair:2)
  3 swamp worms (Lair:2)
  3 acid dragons
  10 water moccasins
  34 orc warriors
  An ice beast (shapeshifter) (D:15)
  A sky beast (D:8)
  7 wolves (Lair:2)
  An ice beast (D:7)
  A black mamba simulacrum (Lair:2)
  4 ogres
  14 centaurs
  3 phantoms
  A kobold brigand (D:8)
  9 bullfrogs
  A cane toad simulacrum (Lair:5)
  3 gnoll sergeants
  8 wights
  An elephant simulacrum (IceCv)
  3 killer bees (D:9)
  3 electric eels
  A howler monkey (D:9)
  A lava snake (D:13)
  6 hounds
  11 orc priests
  3 iguanas
  4 jellies
  2 sleepcaps
  Terence (D:2)
  20 orc wizards
  2 polar bear simulacra (Lair:5)
  3 wolf simulacra
  17 gnolls
  13 adders
  A shadow imp (D:8)
  2 ufetubi
  2 worms
  4 dart slugs
  71 orcs
  10 ball pythons
  8 bats
  4 endoplasms
  14 giant cockroaches
  8 hobgoblins
  4 jackals (D:1)
  A quokka (D:5)
  3 frilled lizards
  13 goblins
  8 kobolds
  4 rats
  A fire vortex (D:13)
817 creatures vanquished.

Vanquished Creatures (collateral kills)
  Gastronok (Lair:3)
1 creature vanquished.

Vanquished Creatures (others)
  2 orb spiders (Spider:4)
  A torpor snail (Spider:4)
  2 tarantellas (Spider:4)
  3 jumping spiders (Spider:4)
  2 culicivoras (Spider:4)
  2 redbacks (Spider:4)
  An orc warrior (Orc:2)
  A goblin (D:8)
14 creatures vanquished.

Grand Total: 832 creatures vanquished

Notes
Turn   | Place    | Note
-------+----------+-------------------------------------------
     0 | D:1      | Skitler the Gargoyle Fighter began the quest for the Orb.
     0 | D:1      | Reached XP level 1. HP: 14/14 MP: 1/1
   122 | D:1      | Reached XP level 2. HP: 19/19 MP: 2/2
   523 | D:1      | Reached skill level 1 in Invocations
   581 | D:1      | Reached XP level 3. HP: 23/23 MP: 3/3
  1193 | D:2      | Reached XP level 4. HP: 29/29 MP: 4/4
  1202 | D:2      | Noticed Sigmund
  1219 | D:2      | Reached skill level 4 in Shields
  1232 | D:2      | Killed Sigmund
  1233 | D:2      | Reached XP level 5. HP: 21/33 MP: 4/6
  1327 | D:2      | Found Oshovoa's Jewellery Emporium.
  1351 | D:2      | Reached XP level 6. HP: 38/38 MP: 7/7
  1544 | D:2      | Noticed Terence
  1562 | D:2      | Killed Terence
  2873 | D:4      | Found a staircase to the Ecumenical Temple.
  2948 | D:4      | Reached skill level 1 in Dodging
  2965 | Temple   | Entered the Ecumenical Temple
  3160 | Temple   | Became a worshipper of Qazlal Stormbringer
  3208 | D:4      | Found an ornate altar of the Wu Jian Council.
  3224 | D:4      | Reached XP level 7. HP: 43/43 MP: 9/9
  3401 | D:4      | Noticed Pikel
  3436 | D:4      | HP: 1/43 [Pikel/+0 whip of freezing (2)]
  3439 | D:4      | Killed Pikel
  3440 | D:4      | Reached skill level 5 in Maces & Flails
  3440 | D:4      | Reached skill level 5 in Armour
  3440 | D:4      | Reached skill level 5 in Shields
  3440 | D:4      | Reached XP level 8. HP: 2/48 MP: 10/10
  3649 | D:4      | Found an opulent altar of Gozag.
  4135 | D:5      | Entered Level 5 of the Dungeon
  4585 | D:5      | Found a hazy altar of Hepliaklqana.
  4665 | D:5      | Found a bloodstained altar of Trog.
  4670 | D:5      | Reached * piety under Qazlal
  4712 | D:5      | Found a runed translucent gate.
  4713 | D:5      | Found a runed translucent gate.
  4713 | D:5      | Found a runed translucent gate.
  4716 | D:5      | Noticed Boredatwork228's ghost (novice TrBe)
  4778 | D:5      | Reached skill level 6 in Shields
  5161 | D:5      | Found a shimmering blue altar of Sif Muna.
  5417 | D:6      | Found an iron altar of Okawaru.
  5434 | D:6      | Identified the +1 scale mail of Iklitoy {Str-2 Int+8 Dex+4
                  | Stlth-}
  5483 | D:6      | Reached XP level 9. HP: 53/53 MP: 12/12
  5608 | D:6      | Reached skill level 5 in Fighting
  5608 | D:6      | Reached skill level 5 in Invocations
  5774 | D:6      | Identified the +0 long sword "Impbane" {protect, Str+8}
  5895 | D:6      | Found a shimmering altar of Xom.
  5907 | D:6      | Found a hide-covered altar of Uskayaw.
  6787 | D:7      | Reached skill level 7 in Shields
  6805 | D:7      | Found Agarphot's Distillery.
  6831 | D:7      | Bought a potion of heal wounds for 65 gold pieces
  6886 | D:7      | Reached ** piety under Qazlal
  7154 | D:7      | Found Miajac's Lightly-Used Armoury.
  7178 | D:7      | Bought a -2 demon whip for 60 gold pieces
  7180 | D:7      | Identified a scroll of acquirement
  7180 | D:7      | Acquired the amulet of Xisuntoss {Reflect rElec SH+5}
  7222 | D:7      | Found a basalt altar of Yredelemnul.
  7469 | D:8      | Found a glowing silver altar of Zin.
  7490 | D:8      | Noticed a gargoyle
  7506 | D:8      | Killed a gargoyle
  7507 | D:8      | Reached XP level 10. HP: 17/60 MP: 14/14
  7525 | D:8      | Noticed a two-headed ogre
  7539 | D:8      | Noticed a two-headed ogre
  7688 | D:8      | Killed a two-headed ogre
  7689 | D:8      | Reached skill level 8 in Shields
  7834 | D:8      | Found the +6 shillelagh "Devastator" {shatter}
  8121 | D:8      | Killed a two-headed ogre
  8760 | D:9      | Reached skill level 9 in Shields
  8841 | D:9      | Reached *** piety under Qazlal
  8883 | D:9      | Found a burning altar of Makhleb.
  8883 | D:9      | Noticed an Executioner
  9221 | D:10     | Entered Level 10 of the Dungeon
  9252 | D:10     | Found a snail-covered altar of Cheibriados.
  9308 | D:10     | Reached XP level 11. HP: 64/64 MP: 16/16
  9347 | D:10     | Noticed a catoblepas
  9354 | D:10     | Killed a catoblepas
  9355 | D:10     | Reached skill level 10 in Shields
  9643 | D:10     | Found a blossoming altar of Fedhas.
  9699 | D:10     | Reached **** piety under Qazlal
  9764 | D:10     | Found a shadowy altar of Dithmenos.
  9783 | D:10     | Noticed a two-headed ogre
  9787 | D:10     | Killed a two-headed ogre
  9999 | D:11     | Reached skill level 10 in Maces & Flails
 10079 | D:11     | Noticed a cyclops
 10091 | D:11     | Killed a cyclops
 10326 | D:11     | Found a staircase to the Lair.
 10407 | D:11     | Noticed a manticore
 10418 | D:11     | Killed a manticore
 10419 | D:11     | Reached skill level 11 in Shields
 10538 | D:11     | Noticed a two-headed ogre
 10544 | D:11     | Killed a two-headed ogre
 10917 | D:12     | Noticed Psyche
 10921 | D:12     | Killed Psyche
 10984 | D:12     | Reached XP level 12. HP: 72/72 MP: 18/18
 11293 | D:12     | Found a staircase to the Orcish Mines.
 11339 | D:12     | You fall into a shaft and drop 1 floor!
 11343 | D:13     | Noticed Nessos
 11345 | D:13     | Reached ***** piety under Qazlal
 11357 | D:13     | Nessos changed into Nessos the harpy
 11357 | D:13     | Noticed Nessos
 11375 | D:13     | Killed Nessos the harpy
 11611 | D:13     | Noticed a tengu warrior
 11655 | D:13     | Reached skill level 12 in Shields
 11685 | D:13     | Noticed a boulder beetle
 11700 | D:13     | Killed a boulder beetle
 11835 | D:13     | Found a gate leading to a gauntlet.
 11884 | D:13     | Noticed a two-headed ogre
 11884 | D:13     | Noticed a boulder beetle
 11895 | D:13     | Killed a two-headed ogre
 11896 | D:13     | Killed a boulder beetle
 12161 | D:13     | Killed a tengu warrior
 12484 | Lair:1   | Entered Level 1 of the Lair of Beasts
 12551 | Lair:1   | Identified the +0 chain mail "Pyhim" {Int+2}
 12599 | Lair:1   | Noticed a boulder beetle
 12614 | Lair:1   | Killed a boulder beetle
 12615 | Lair:1   | Reached skill level 13 in Shields
 12967 | Lair:1   | Reached XP level 13. HP: 78/78 MP: 20/20
 13309 | Lair:1   | Found a white marble altar of Elyvilon.
 13333 | Lair:1   | Identified the +5 hand axe of Fuuso {freeze, rC++ Int+2}
 13408 | Lair:2   | Reached skill level 10 in Invocations
 13457 | Lair:2   | Noticed Maggie
 13463 | Lair:2   | Killed Maggie
 13469 | Lair:2   | Found a runed translucent gate.
 13469 | Lair:2   | Found a runed translucent gate.
 13469 | Lair:2   | Found a runed translucent gate.
 13475 | Lair:2   | Noticed PrincessEmiBear's ghost (journeyman DsMo)
 13552 | Lair:2   | Noticed Nergalle
 13555 | Lair:2   | Killed Nergalle
 13631 | Lair:2   | Reached skill level 10 in Armour
 13707 | Lair:2   | Found a staircase to the Swamp.
 13855 | Lair:2   | Noticed Sonja
 13859 | Lair:2   | Sonja changed into Sonja the wolf
 13859 | Lair:2   | Noticed Sonja
 13867 | Lair:2   | Killed Sonja the wolf
 13872 | Lair:2   | Noticed Amaemon
 13892 | Lair:2   | Killed Amaemon
 14231 | Lair:2   | Reached skill level 14 in Shields
 14238 | Lair:2   | Killed PrincessEmiBear's ghost
 14379 | Lair:3   | Found a hole to the Spider Nest.
 14490 | Lair:3   | Noticed Gastronok
 14500 | Lair:3   | Killed Gastronok
 14662 | Lair:3   | Found the crystal ball of Wucad Mu {*channel}
 14838 | Lair:3   | Identified the +4 short sword "Spiderbane" {antimagic,
                  | Str-3 Dex+6}
 15233 | Lair:3   | Reached skill level 15 in Shields
 15438 | Lair:4   | Gained mutation: Your large and strong wings let you fly.
                  | [Gargoyle growth]
 15438 | Lair:4   | Reached XP level 14. HP: 80/84 MP: 22/22
 16411 | Lair:5   | Entered Level 5 of the Lair of Beasts
 16411 | Lair:5   | Found a viscous altar of Jiyva.
 16411 | Lair:5   | Found a staircase to the Slime Pits.
 16465 | Lair:5   | HP: 4/86 [death yak[a torpor snail] (11)]
 16466 | Lair:5   | Reached skill level 16 in Shields
 16741 | Lair:5   | Reached XP level 15. HP: 46/90 MP: 23/23
 16806 | Lair:5   | Found a frozen archway.
 16821 | IceCv    | Entered an ice cave
 16825 | IceCv    | Reached skill level 17 in Shields
 16825 | IceCv    | Found a transporter.
 16841 | IceCv    | Found a transporter.
 16984 | Lair:5   | Identified the +1 rapier "Skitler's Death" {venom, Drain
                  | rC+ rN+ Dex+2}
 17185 | Lair:5   | Reached ****** piety under Qazlal
 17547 | Lair:5   | Identified the +2 glaive "Woxaes" {drain, rC+ rN+}
 17550 | Lair:5   | Identified the +5 trident of Erghirr {speed, rElec rN+
                  | Int+3}
 18335 | Orc:1    | Entered Level 1 of the Orcish Mines
 18354 | Orc:1    | Found Ulil's Antique Armour Emporium.
 18364 | Orc:1    | Bought an amethyst-encrusted plate armour for 672 gold
                  | pieces
 18364 | Orc:1    | Identified the +6 plate armour "Gogil" {rF++ Dex+2 Slay-2
                  | SInv} (You bought it in a shop on level 1 of the Orcish
                  | Mines)
 18364 | Orc:1    | Bought a heavily runed helmet for 228 gold pieces
 18364 | Orc:1    | Identified the +1 helmet of the Sparrow {Will+} (You bought
                  | it in a shop on level 1 of the Orcish Mines)
 18612 | Orc:2    | Entered Level 2 of the Orcish Mines
 18906 | Orc:2    | Found a transporter.
 18934 | Orc:2    | Found a transporter.
 18934 | Orc:2    | Found Ununn's Distillery.
 18959 | Orc:2    | Found a staircase to the Elven Halls.
 19055 | Orc:2    | Found Ymosucuj's Book Shop.
 19055 | Orc:2    | Found Bamoihoa's Jewellery Shoppe.
 19057 | Orc:2    | Found Emigoip's General Store.
 19059 | Orc:2    | Found Usizity's Antique Weapon Boutique.
 19352 | D:14     | Found Wug Oxostra's Assorted Antiques.
 19385 | D:14     | Reached skill level 10 in Fighting
 19400 | D:14     | Reached skill level 18 in Shields
 20013 | D:14     | Noticed a storm dragon
 20014 | D:14     | Reached XP level 16. HP: 94/98 MP: 25/25
 20061 | D:14     | Killed a storm dragon
 20423 | D:14     | Found a gate to the Vaults.
 20513 | D:15     | Entered Level 15 of the Dungeon
 20525 | D:15     | Noticed Kirke
 20821 | D:15     | Killed Kirke
 21339 | D:15     | Found a staircase to the Depths.
 21790 | D:15     | Reached XP level 17. HP: 106/106 MP: 25/27
 21791 | D:15     | Reached XP level 18. HP: 112/112 MP: 25/28
 21944 | Spider:1 | Entered Level 1 of the Spider Nest
 21991 | Spider:1 | Reached skill level 19 in Shields
 23898 | Spider:3 | Noticed Arachne
 23937 | Spider:3 | Reached XP level 19. HP: 68/119 MP: 30/30
 23960 | Spider:3 | Killed Arachne
 24086 | Spider:3 | Reached skill level 1 in Evocations
 24365 | Spider:3 | Reached skill level 20 in Shields
 24847 | Spider:4 | Entered Level 4 of the Spider Nest
 24855 | Spider:4 | Reached skill level 15 in Invocations
 24863 | Spider:4 | Noticed Louise
 24895 | Spider:4 | Killed Louise
 25595 | Spider:4 | Noticed Nikola
 25616 | Spider:4 | Killed Nikola
 25650 | Spider:4 | Blown up by an orb spider

Illustrated notes

Levels and vault maps discovered:
D:1:      dpeg_arrival_simpleton_a, layout_loops_corners,
          ebering_dispersal_statue_hall
D:2:      minmay_roachtagon, layout_rooms, serial_shops, shop, serial_curves,
          eino_curves_04, eino_curves_04, eino_curves_01, eino_curves_02,
          grunt_decor_arrowhead, uniq_terence, uniq_sigmund
D:3:      layout_basic
D:4:      layout_loops_ring, nicolae_gozag_cash_rules_everything_around_me,
          mainiacjoe_overflow_small_starburst, minmay_temple_entry_stoned_glass,
          bh_walls_and_bars, uniq_pikel
D:5:      layout_basic, trog_butcher_becter, amcnicky_altar_gilded, tgw_sif,
          ebering_ghost_rock_garden, columned_hall_lemuel
D:6:      layout_basic, okawaru_metal_pillars_3, jmf_multi_god_temple
D:7:      layout_rooms, mainiacjoe_overflow_brackets, serial_shops,
          nicolae_shop_hallway_stairs, grunt_ministairs_14, minmay_shop_damaged,
          amcnicky_mini_corridor_feature
D:8:      layout_layer_cave, lemuel_crystal_altar, enter_bailey_5,
          dilly_guarded_unrand_devastator
D:9:      layout_cave_pools, makhleb_altar_promises_db
D:10:     layout_roguey, cheibrodos_worm_habitat,
          mainiacjoe_overflow_tiny_flanked,
          nicolae_dithmenos_through_a_glass_darkly, special_room
          [special_room_orc]
D:11:     layout_basic, lair_entry_dummy, serial_curves, eino_curves_04,
          eino_curves_01
D:12:     kennysheep_room_grid, layout_basic, erik_orc_4, minmay_statues_item,
          kennysheep_generic_room_2, uniq_psyche
D:13:     layout_irregular_city, gauntlet_entry_generic, kennysheep_boxes,
          uniq_nessos
D:14:     lemuel_traditional_vault, layout_cave_pools,
          grunt_vaults_entry_fortified, serial_shops, nicolae_diamond_shop
D:15:     hangedman_depths_entry_civil_slaughter, layout_basic,
          amcnicky_mini_rare_corridor_liquid, uniq_kirke
Temple:   hellmonk_temple_forest_ring
Lair:1:   layout_gridlike, basic_altar, serial_bayou_shore_b
Lair:2:   layout_misc_corridors, nicolae_swamp_entry_splash_gauntlet,
          gammafunk_ghost_necromancy, small_statue_intersection, uniq_amaemon,
          uniq_sonja, uniq_maggie, uniq_nergalle
Lair:3:   layout_regular_city, nicolae_spider_entry_lesser_pyramids,
          minivault_25, hangedman_lair_generics_rect, uniq_gastronok
Lair:4:   layout_cave_pods, grunt_megastairs_3
Lair:5:   gammafunk_lair_ancient_temple, layout_long_grid,
          minmay_slime_entry_pillars, portal_ice_cave_entry_ice_simulacra,
          serial_bayou_pond_b
Spider:1: layout_spider_delve, einodemon_crawler_minivault,
          hangedman_spider_tarantella_strand
Spider:2: layout_spider_delve
Spider:3: layout_cave_pods, hangedman_stitches_earthworm, uniq_arachne
Spider:4: spider_rune_water, uniq_louise, uniq_nikola
Orc:1:    layout_diamond_mine, serial_shops, nicolae_shop_overgrown_old_shop,
          shop, nicolae_shop_crystal, shop, basic_altar
Orc:2:    st_orc_rangers, layout_diamond_mine, serial_shops,
          nicolae_shop_drivethru, kennysheep_orc_chapel

Skill      XL: |  1  2  3  4  5  6  7  8  9 10 11 12 13 14 15 16 17 18 19 |
---------------+----------------------------------------------------------+-----
Invocations    | 1 2 3 4 6 7 8 9 10 11 12 13 14 15 | 15.3
Shields        | 4 5 6 7 9 11 13 15 16 18 19 20 | 20.7
Maces & Flails | 3 4 5 6 8 9 10 11 12 13 14 | 14.6
Armour         | 4 5 6 7 8 9 10 11 12 | 12.7
Fighting       | 4 5 6 7 8 9 10 12 13 | 13.9
Dodging        | 1 2 3 4 |  4.4
Evocations     | 1 |  1.0

Action                     |  1- 3 |  4- 6 |  7- 9 | 10-12 | 13-15 | 16-18 | 19-21 || total
---------------------------+-------+-------+-------+-------+-------+-------+-------++-------
  Melee: Flail             |   110 |   183 |   400 |    21 |       |       |       ||   714
         Shillelagh        |       |       |       |   366 |   734 |   476 |   222 ||  1798
 Invoke: Elemental Force   |       |       |       |       |     1 |       |       ||     1
         Disaster Area     |       |       |       |       |     1 |       |     2 ||     3
         Upheaval          |       |       |       |       |       |     1 |     2 ||     3
  Evoke: Wand              |       |       |     1 |     3 |     3 |       |       ||     7
         Phial of floods   |       |       |       |       |       |     1 |       ||     1
         Piece from Xom's  |       |       |       |       |       |     1 |       ||     1
    Use: Scroll            |       |     1 |    14 |     2 |    14 |     2 |     2 ||    35
         Potion            |       |       |     4 |     3 |     7 |     3 |     2 ||    19
 Armour: Chain mail        |   109 |   117 |   252 |   144 |     2 |       |       ||   624
         Skin              |       |       |       |     7 |       |       |       ||     7
         Plate armour      |       |       |       |       |   391 |   261 |   173 ||   825
  Dodge: Dodged            |    72 |    86 |   164 |    46 |   168 |   100 |    60 ||   696
         Repelled          |       |       |       |     1 |     3 |     7 |     1 ||    12
  Block: Buckler           |    47 |    40 |   119 |   235 |   721 |   493 |   295 ||  1950
         Reflection        |       |       |     3 |     8 |    74 |    13 |     4 ||   102
